 Dungeon Crawl Stone Soup version 0.18-b1-14-g029dad2 (webtiles) character file.

5653 Alarkh the Thaumaturge (level 10, -6/63 HPs)
             Began as a Mummy Earth Elementalist on Apr 30, 2016.
             Was an Initiate of Gozag.
             Mangled by a killer bee (8 damage)
             ... on level 8 of the Dungeon.
             The game lasted 00:28:24 (10203 turns).

Alarkh the Thaumaturge (Mummy Earth Elementalist)  Turns: 10203, Time: 00:28:25

Health: -6/63      AC:  7    Str: 12    XL:     10   Next: 46%
Magic:  3/22       EV: 14    Int: 19    God:    Gozag
Gold:   1056       SH:  0    Dex: 15    Spells: 3 memorised, 20 levels left

rFire  x . .     SeeInvis .     a - +0 dagger (venom)
rCold  + . .     Gourm    .     b - +2 robe
rNeg   + + +     Faith    +     (no shield)
rPois  ∞         Spirit   .     m - +0 helmet
rElec  .         Dismiss  .     (no cloak)
rCorr  .         Reflect  .     l - +1 pair of gloves
SustAt +         Harm     .     (no boots)
MR     ++...                    y - amulet "Jipatayrr" {Faith MR+ Int+2 Dex+2}
Stlth  ++........               n - +2 ring of evasion
                                x - ring of sustain attributes

@: very slightly contaminated, very resistant to hostile enchantments,
unstealthy
A: no food or potions, fire vulnerability, cold resistance 1, negative energy
resistance 3, torment resistance, unbreathing
a: Potion Petition, Call Merchant, Bribe Branch, Renounce Religion


You were on level 8 of the Dungeon.
You worshipped Gozag.
Gozag was noncommittal.
You were not hungry.

You visited 2 branches of the dungeon, and saw 9 of its levels.
You also visited: Sewer.

You collected 1203 gold pieces.
You paid 147 gold pieces to Gozag.

Inventory:

Hand Weapons
 a - a +0 dagger of venom (weapon)
 k - a +0 short sword
Missiles
 f - a throwing net
 t - 5 stones (quivered)
Armour
 b - a +2 robe (worn)
 d - a +0 robe
 l - a +1 pair of gloves (worn)
 m - a +0 helmet (worn)
 q - a cursed +0 shield
Magical Staves
 p - an uncursed staff of energy
Jewellery
 i - a +2 ring of intelligence
 n - a +2 ring of evasion (right hand)
 o - an uncursed ring of teleportation
 x - a ring of sustain attributes (left hand)
 y - the amulet "Jipatayrr" (around neck) {Faith MR+ Int+2 Dex+2}
   (You took it off a gnoll on level 7 of the Dungeon)

   [amulet of faith]

   It allows you to gain divine favour quickly.
   It affects your intelligence (+2).
   It affects your dexterity (+2).
   It affects your resistance to hostile enchantments.
Wands
 e - a wand of iceblast (5/15)
 u - a wand of random effects (6/48)
 w - a wand of flame (20/48)
Scrolls
 j - 3 scrolls of enchant armour
 r - 2 scrolls of random uselessness
 s - a scroll of brand weapon
 z - 2 scrolls of identify
Books
 c - a book of Geomancy

   Spells                             Type                      Level
   a - Sandblast                      Earth                        1
   b - Passwall                       Transmutation/Earth          2
   c - Stone Arrow                    Conjuration/Earth            3
   d - Petrify                        Transmutation/Earth          4
   e - Lee's Rapid Deconstruction     Earth                        5
 g - a book of Misfortune

   Spells                             Type                      Level
   a - Confusing Touch                Hexes                        2
   b - Confuse                        Hexes                        3
   c - Gell's Gravitas                Hexes/Translocation          3
   d - Petrify                        Transmutation/Earth          4
   e - Metabolic Englaciation         Hexes/Ice                    5
   f - Yara's Violent Unravelling     Hexes/Transmutation          5


   Skills:
 - Level 1.5 Dodging
 - Level 1.5 Stealth
 + Level 8.8 Spellcasting
 + Level 7.1 Conjurations
 - Level 0.7 Transmutations
 + Level 8.3 Earth Magic


You had 20 spell levels left.
You knew the following spells:

 Your Spells              Type           Power        Failure   Level  Hunger
a - Stone Arrow           Conj/Erth      #####.       1%          3    N/A
b - Passwall              Trmt/Erth      ####......   1%          2    N/A
e - Sandblast             Erth           #####.       1%          1    N/A

Dungeon Overview and Level Annotations

Branches:
Dungeon (8/15)             Temple (1/1) D:5
   Lair: D:8-11

Altars:
Ashenzari
Cheibriados
Dithmenos
Elyvilon
Fedhas
Gozag
Kikubaaqudgha
Nemelex Xobeh
Okawaru
Pakellas
Qazlal
Ru
Sif Muna
Trog
Vehumet
Xom
Zin
The Shining One

Shops:
D:5 (


Innate Abilities, Weirdness & Mutations

You do not eat or drink.
Your flesh is vulnerable to fire.
You are immune to poison.
Your flesh is cold resistant.
You are immune to negative energy.
You are immune to unholy pain and torment.
You can survive without breathing.


Message History

* * * LOW HITPOINT WARNING * * *
Evoke which item? (* to show all) (? for menu, Esc to quit)
Zapping:
u - a wand of random effects {zapped: 5} (will waste charges)
Press: ? - help, Shift-Dir - straight line, f - killer bee
Aim: a killer bee Nothing appears to happen.
Evoking this partially-identified wand wasted a few charges.
Something stings you but does no damage.
Something stings you.
* * * LOW HITPOINT WARNING * * *
Something barely misses you.
Evoke which item? (* to show all) (? for menu, Esc to quit)
Zapping:
u - a wand of random effects {zapped: 7} (will waste charges)
Press: ? - help, Shift-Dir - straight line, f/p - killer bee
Aim: a killer bee Nothing appears to happen.
Evoking this partially-identified wand wasted a few charges.
Something stings you!
You die...
Your body crumbles into a pile of gold.

### #@##
##{## ##y##
##y###
##..###
##...###
#.....# ##
#.%..##
#.####....#


You could see 2 killer bees.

Vanquished Creatures
  Pikel (D:7)
  An ugly thing (D:8)
  Psyche (D:8)
  A troll (D:8)
  A queen bee (D:8)
  A hungry ghost (D:7)
  The ghost of
  100100010000 the Cutter, an amateur DsGl of Dithmenos (D:4)
  The ghost of dobroeutro the Cudgeler, an amateur GrFi (D:3)
  An orc warrior (D:7)
  2 sky beasts (D:5)
  3 slaves
  A phantom (D:6)
  An ice beast (D:5)
  2 wolves (D:8)
  An ogre (D:5)
  3 centaurs
  2 big kobolds (D:8)
  5 giant frogs
  A gnoll sergeant (D:7)
  A scorpion (D:7)
  19 killer bees
  6 crimson imps
  2 centaur zombies
  8 hounds
  6 orc wizards
  An orc priest (D:6)
  A gnoll shaman (D:7)
  A giant frog skeleton (D:7)
  Ijyb (D:2)
  An iguana (D:5)
  7 worker ants
  A killer bee zombie (D:7)
  A hound zombie (D:5)
  A worker ant zombie (D:8)
  10 gnolls
  10 adders
  An adder zombie (D:7)
  An ooze (D:1)
  3 adder skeletons
  5 worms
  3 dart slugs
  7 giant geckos
  19 orcs
  12 giant cockroaches
  15 goblins
  3 hobgoblins
  13 jackals
  4 quokkas
  4 ball pythons
  12 bats
  7 giant newts
  15 kobolds
  8 rats
239 creatures vanquished.

Vanquished Creatures (others)
  A slave (D:7)
  A kobold (D:8)
2 creatures vanquished.

Grand Total: 241 creatures vanquished

Notes
Turn   | Place    | Note
--------------------------------------------------------------
     0 | D:1      | Alarkh the Mummy Earth Elementalist began the quest for the Orb.
     0 | D:1      | Reached XP level 1. HP: 13/13 MP: 3/3
   364 | D:1      | Reached XP level 2. HP: 19/19 MP: 0/5
   875 | D:2      | Reached XP level 3. HP: 22/24 MP: 1/6
   880 | D:2      | Learned a level 3 spell: Stone Arrow
   883 | D:2      | Learned a level 2 spell: Passwall
  1242 | D:2      | Reached XP level 4. HP: 22/30 MP: 0/8
  1826 | D:2      | Noticed Ijyb
  1906 | D:2      | Killed Ijyb
  1906 | D:2      | Reached XP level 5. HP: 21/35 MP: 8/10
  2395 | D:3      | Reached skill level 1 in Conjurations
  2478 | D:3      | Found a glowing drain.
  2547 | Sewer    | Entered a sewer
  2782 | Sewer    | Reached XP level 6. HP: 33/41 MP: 9/12
  3203 | D:3      | Noticed dobroeutro's ghost (amateur GrFi)
  3602 | D:4      | Noticed 100100010000's ghost (amateur DsGl)
  3625 | D:5      | Entered Level 5 of the Dungeon
  3637 | D:5      | Noticed an ice beast
  3645 | D:5      | Killed an ice beast
  3728 | D:5      | Noticed a sky beast
  3767 | D:5      | Killed a sky beast
  3767 | D:5      | Reached XP level 7. HP: 26/46 MP: 8/14
  3778 | D:5      | Found a staircase to the Ecumenical Temple.
  3900 | D:5      | Reached skill level 5 in Spellcasting
  3959 | D:5      | Reached skill level 5 in Earth Magic
  4062 | D:5      | Found Zuoppow's Weapon Shop.
  4597 | Temple   | Entered the Ecumenical Temple
  4687 | Temple   | Became a worshipper of Gozag Ym Sagoz the Greedy
  5179 | D:4      | Reached XP level 8. HP: 52/52 MP: 13/16
  5277 | D:4      | Killed 100100010000's ghost
  5646 | D:3      | Killed dobroeutro's ghost
  6733 | D:7      | Noticed Pikel
  6995 | D:7      | Got a pitted zirconium amulet
  7114 | D:7      | Identified the amulet "Jipatayrr" {Faith MR+ Int+2 Dex+2} (You took it off a gnoll on level 7 of the Dungeon)
  7115 | D:7      | Reached XP level 9. HP: 52/57 MP: 17/19
  7146 | D:7      | Reached skill level 5 in Conjurations
  7412 | D:7      | Killed Pikel
  7914 | D:8      | Noticed a queen bee
  7962 | D:8      | Noticed a tengu warrior
  8268 | D:8      | Noticed a troll
  8280 | D:8      | Killed a troll
  8493 | D:8      | Killed a queen bee
  8628 | D:8      | Noticed a white ugly thing
  8635 | D:7      | Reached XP level 10. HP: 35/63 MP: 7/22
  9356 | D:8      | Noticed Psyche
  9670 | D:8      | Killed Psyche
  9761 | D:8      | Killed a white ugly thing
 10201 | D:8      | HP: 3/63 [something (1)]
 10203 | D:8      | Mangled by a killer bee

Skill      XL: |  1  2  3  4  5  6  7  8  9 10 |
---------------+-------------------------------+-----
Earth Magic    | 3 4 5 6 7 8 |  8.3
Spellcasting   | 3 4 5 6 8 |  8.8
Conjurations   | 1 2 3 4 6 7 |  7.1
Dodging        | |  1.5
Stealth        | |  1.5
Transmutations | |  0.7

Action                   |  1- 3 |  4- 6 |  7- 9 | 10-12 || total
-------------------------+-------+-------+-------+-------++-------
Melee: Unarmed           |     6 |       |       |       ||     6
       Short sword       |    10 |    11 |     6 |       ||    27
       Dagger            |       |    83 |     1 |    73 ||   157
 Cast: Sandblast         |    72 |    87 |   229 |     3 ||   391
       Stone Arrow       |       |     2 |    57 |    62 ||   121
Evoke: Wand              |       |       |       |     4 ||     4
  Use: Scroll            |       |     4 |     8 |     3 ||    15
 Stab: Sleeping          |       |     3 |       |       ||     3
       Distracted        |       |       |       |     3 ||     3
Armor: Robe              |    16 |    32 |    39 |    27 ||   114
Dodge: Dodged            |    53 |    89 |   129 |   115 ||   386
